 Dungeon Crawl Stone Soup version 0.24.0-125-gc4c63601f3 (webtiles) character file.

Game seed: 3938903103498405638, levelgen mode: deterministic

33623 Mesmaeker13 the Frost Mage (level 13, -1/63 HPs)
             Began as a Deep Elf Ice Elementalist on Feb 25, 2020.
             Was a High Priest of Vehumet.
             Slain by a black mamba (14 damage)
             ... on level 6 of the Lair of Beasts.
             The game lasted 00:54:30 (23761 turns).

Mesmaeker13 the Frost Mage (DEIE)                  Turns: 23761, Time: 00:54:30

Health: -1/63      AC: 11    Str:  6    XL:     13   Next: 37%
Magic:  8/31       EV: 25    Int: 25    God:    Vehumet [*****.]
Gold:   770        SH:  6    Dex: 22    Spells: 21/36 levels left

rFire    . . .     SeeInvis +   x - +4 rapier
rCold    + . .     Gourm    .   p - +0 buckler
rNeg     . . .     Faith    .   i - +2 leather armour {rPois}
rPois    +         Spirit   .   C - +1 helmet "Ufynumy" {Dex+7}
rElec    +         Reflect  .   I - +1 cloak
rCorr    .         Harm     .   F - +1 pair of gloves of Context {rElec rC+}
MR       +....                  (no boots)
Stlth    ++........             (no amulet)
HPRegen  0.20/turn              L - ring of see invisible
MPRegen  0.22/turn              G - +4 ring of evasion

@: no status effects
A: no striking features
a: Renounce Religion


You were on level 6 of the Lair of Beasts.
You worshipped Vehumet.
Vehumet was extremely pleased with you.
You were not hungry.

You visited 3 branches of the dungeon, and saw 18 of its levels.
You also visited: Gauntlet.

You collected 874 gold pieces.
You spent 104 gold pieces at shops.

Inventory:

Hand Weapons
 l - a +0 dagger of venom
 x - a +4 rapier (weapon)
Armour
 i - a +2 leather armour of poison resistance (worn)
 p - a +0 buckler (worn)
 y - +0 acid dragon scales
 C - the +1 helmet "Ufynumy" (worn) {Dex+7}
   (You found it on level 10 of the Dungeon)

   It affects your dexterity (+7).
 F - the +1 pair of gloves of Context (worn) {rElec rC+}
   (You found it on level 1 of the Lair of Beasts)

   It protects you from cold.
   It insulates you from electricity.
 I - a +1 cloak (worn)
Jewellery
 g - an uncursed ring of resist corrosion
 s - an uncursed ring of positive energy
 A - an uncursed ring of ice
 G - a +4 ring of evasion (right hand)
 L - a ring of see invisible (left hand)
Wands
 d - a wand of enslavement (3)
 j - a wand of acid (4)
 H - a wand of digging (8)
Scrolls
 a - a scroll of acquirement {unknown}
 b - a scroll of blinking {unknown}
 e - 10 scrolls of teleportation
 k - 2 scrolls of remove curse
 o - 5 scrolls of fog
 q - a scroll of summoning {unknown}
 r - 7 scrolls of amnesia
 u - 2 scrolls of immolation
 B - 5 scrolls of magic mapping
 D - 3 scrolls of holy word {unknown}
 E - a scroll of enchant armour {unknown}
 M - a scroll of enchant weapon {unknown}
Potions
 f - a potion of resistance {unknown}
 m - 7 potions of curing
 n - 3 potions of haste
 t - 3 potions of heal wounds
 v - 2 potions of ambrosia
 w - 4 potions of flight
 J - a potion of experience {unknown}
 K - a potion of berserk rage {unknown}
 N - a potion of invisibility {unknown}
Comestibles
 c - 21 rations
 h - 16 chunks of flesh


   Skills:
 + Level 0.8 Armour
 - Level 11.0 Dodging
 - Level 2.4 Stealth
 - Level 4.3 Shields
 + Level 12.0 Spellcasting
 + Level 12.1 Conjurations
 - Level 5.0 Charms
 - Level 7.2 Summonings
 + Level 12.5 Ice Magic
 - Level 6.0 Air Magic


You had 21 spell levels left.
You knew the following spells:

 Your Spells              Type           Power        Failure   Level  Hunger
a - Freeze                Ice            ####         1%          1    None
b - Throw Frost           Conj/Ice       ######       1%          2    None
c - Ozocubu's Armour      Chrm/Ice       ######..     1%          3    None
d - Throw Icicle          Conj/Ice       ######..     1%          4    None
e - Summon Ice Beast      Ice/Summ       ######..     1%          4    None
f - Shock                 Conj/Air       ####         1%          1    None

Your spell library contained the following spells:

 Spells                   Type           Power        Failure   Level  Hunger
 Venom Bolt               Conj/Pois      #####.....   4%          5    ###....
 Flame Tongue             Conj/Fire      #####        1%          1    None
 Sandblast                Erth           ###...       1%          1    None
 Throw Flame              Conj/Fire      #####.       1%          2    None
 Conjure Flame            Conj/Fire      #####...     1%          3    None
 Stone Arrow              Conj/Erth      #####.       1%          3    None
 Sticky Flame             Conj/Fire      #####...     1%          4    None
 Ice Form                 Ice/Tmut       #####...     4%          4    None
 Fireball                 Conj/Fire      #####.....   4%          5    ###....
 Inner Flame              Hex/Fire       ###.....     5%          3    None
 Beastly Appendage        Tmut           ###...       6%          1    None
 Passwall                 Tmut/Erth      ###.....     10%         2    None
 Sticks to Snakes         Tmut           ###.....     10%         2    None
 Spider Form              Tmut/Pois      ###.......   19%         3    None
 Lee's Rapid Deconstruct  Erth           ###.......   38%         5    ###....
 Petrify                  Tmut/Erth      ###.....     52%         4    None
 Blade Hands              Tmut           ###.......   86%         5    ###....


Dungeon Overview and Level Annotations

Branches:
Dungeon (11/15)            Temple (1/1) D:5            Lair (6/6) D:10
 Shoals (0/4) Lair:2        Snake (0/4) Lair:4      Gauntlet (visited)
  Slime: Lair:5-6       Orc: D:9-12

Altars:
Ashenzari
Cheibriados
Dithmenos
Elyvilon
Fedhas
Gozag
Hepliaklqana
Kikubaaqudgha
Makhleb
Nemelex Xobeh
Okawaru
Qazlal
Ru
Sif Muna
Trog
Uskayaw
Vehumet
Wu Jian
Xom
Yredelemnul
Zin
The Shining One

Shops:
D:4 ([!   D:5 (   D:7 *

Annotations:
D:4 1 runed translucent door, laxxamousse2's ghost, amateur OpTm


Message History

Unknown command.
Casting: Freeze (safe; 1% risk of failure)
Confirm with . or Enter, or press ? or * to list all spells.
Aiming: Freeze (safe; 1% risk of failure)
Press: ? - help, Shift-Dir - straight line, f/p - black mamba
Aim: a black mamba (severely wounded, slow)
You freeze the black mamba.
The black mamba is almost dead.
The black mamba seems to slow down.
You block the black mamba's attack.
Your ice beast misses the black mamba.
Your ice beast hits the black mamba but does no damage.
Casting: Freeze (safe; 1% risk of failure)
Confirm with . or Enter, or press ? or * to list all spells.
Aiming: Freeze (safe; 1% risk of failure)
Press: ? - help, Shift-Dir - straight line, f/p - black mamba
Aim: a black mamba (almost dead, slow)
You freeze the black mamba.
The black mamba is almost dead.
The black mamba bites you!
You die...

.....÷.................##
......................#.#
.....#.#...............####
......##.P.............P..#
.....##.......P..........##
..####.................####.#
### ###
.......P....Y.....P....# #.#
....P...##SY.........#.##..
.......##.@.÷...........#..
......##...................
#...P.#....†...............
.÷. #..................P.
#....=..............P.
#......................
#......................
##...................P.
#...............#.....


You could see a black mamba and 2 friendly ice beasts.

Vanquished Creatures
  3 hydras
  2 two-headed ogres (D:9)
  A necromancer (Lair:2)
  3 oklob plants (Lair:1)
  3 merfolk sirens (Lair:2)
  5 black mambas
  2 elephants (Lair:6)
  11 spiny frogs
  6 komodo dragons
  A merfolk (Lair:2)
  A polar bear (Lair:5)
  A dream sheep (Lair:3)
  7 blink frogs
  4 hippogriffs
  15 yaks
  A wyvern (Lair:5)
  2 basilisks (Lair:2)
  A hungry ghost (D:9)
  Menkaure (D:7)
  4 porcupines
  2 ice beasts (D:5)
  9 water moccasins
  A sky beast (D:8)
  4 phantoms
  A necrophage (D:9)
  5 ogres
  13 wolves (Lair:6)
  12 crocodiles
  2 big kobolds (D:8)
  10 bullfrogs
  A water moccasin zombie (D:6)
  A scorpion (D:5)
  2 electric eels
  4 wights (D:11)
  2 howler monkeys
  2 crimson imps
  2 bullfrog zombies
  5 hounds
  2 orc priests (D:7)
  3 bullfrog skeletons
  7 jellies
  2 orc wizards (D:5)
  A gnoll shaman (D:5)
  Jessica (D:2)
  3 iguanas
  3 worker ants
  3 polar bear simulacra (Lair:2)
  5 yak simulacra (Lair:2)
  2 wolf simulacra (Lair:2)
  A hound skeleton (D:10)
  3 howler monkey zombies
  13 adders
  8 gnolls
  A river rat (D:5)
  4 shadow imps
  5 oozes
  2 adder skeletons
  2 worms
  3 dart slugs
  4 leopard geckos
  16 orcs
  8 bats
  7 giant cockroaches
  8 hobgoblins
  14 jackals
  3 quokkas
  2 frilled lizards
  13 goblins
  A jackal skeleton (D:7)
  14 kobolds
  A leopard gecko skeleton (D:5)
  A quokka zombie (D:9)
  11 rats
  A river rat simulacrum (Lair:2)
330 creatures vanquished.

Vanquished Creatures (collateral kills)
  Gastronok (D:8)
  A hydra (Lair:1)
  A two-headed ogre (D:9)
  8 elephants
  3 spiny frogs
  2 komodo dragons (Lair:6)
  2 polar bears
  13 blink frogs
  6 dream sheep (Lair:3)
  A hippogriff (Lair:2)
  22 yaks
  2 basilisks
  A water moccasin (Lair:6)
  A porcupine (Lair:1)
  17 wolves (Lair:6)
  A crocodile (Lair:3)
  2 bullfrogs
  A bullfrog zombie (D:8)
  3 jellies (Lair:6)
  A centaur skeleton (D:7)
  A gnoll (D:7)
  2 oozes (Lair:6)
  A leopard gecko (D:8)
93 creatures vanquished.

Vanquished Creatures (others)
  A polar bear (Lair:6)
  A yak (Lair:5)
  A jelly (D:11)
  5 fungi
  8 plants
16 creatures vanquished.

Grand Total: 439 creatures vanquished

Notes
Turn   | Place    | Note
-------+----------+-------------------------------------------
     0 | D:1      | Mesmaeker13 the Deep Elf Ice Elementalist began the quest
                  | for the Orb.
     0 | D:1      | Reached XP level 1. HP: 10/10 MP: 6/6
   259 | D:1      | Reached XP level 2. HP: 14/15 MP: 2/8
   758 | D:1      | Reached XP level 3. HP: 14/19 MP: 8/10
  1411 | D:2      | Learned a level 2 spell: Throw Frost
  1572 | D:2      | Learned a level 3 spell: Ozocubu's Armour
  1921 | D:2      | Noticed Jessica
  2054 | D:2      | Killed Jessica
  2054 | D:2      | Reached XP level 4. HP: 24/24 MP: 8/12
  2609 | D:3      | Found a hide-covered altar of Uskayaw.
  3059 | D:3      | Found a bloodstained altar of Trog.
  3135 | D:3      | Reached XP level 5. HP: 28/28 MP: 4/13
  3646 | D:4      | Found Ibaqimmu's Distillery.
  3648 | D:4      | Noticed an ogre
  3660 | D:4      | Killed an ogre
  3660 | D:4      | Reached skill level 1 in Shields
  3681 | D:4      | Bought a potion of curing for 39 gold pieces
  3681 | D:4      | Bought a potion of heal wounds for 65 gold pieces
  3799 | D:4      | Reached skill level 5 in Spellcasting
  3799 | D:4      | Reached XP level 6. HP: 32/32 MP: 8/15
  3859 | D:4      | Found Wegus's Antique Armour Shop.
  3897 | D:4      | Learned a level 4 spell: Throw Icicle
  3983 | D:4      | Found a runed translucent door.
  3991 | D:4      | Noticed laxxamousse2's ghost (amateur OpTm)
  4569 | D:5      | Entered Level 5 of the Dungeon
  4569 | D:5      | Found Kilyorotodd's Antique Weapon Emporium.
  4609 | D:5      | Reached skill level 5 in Ice Magic
  4996 | D:5      | Reached XP level 7. HP: 36/36 MP: 10/17
  5205 | D:5      | Found a staircase to the Ecumenical Temple.
  5331 | D:5      | You fall into a shaft and drop 1 floor!
  5462 | D:6      | Learned a level 4 spell: Summon Ice Beast
  5681 | D:5      | Reached skill level 1 in Summonings
  5741 | Temple   | Entered the Ecumenical Temple
  6070 | D:5      | Found an iron altar of Okawaru.
  6309 | D:4      | Found Xomial's Antique Weapon Boutique.
  6314 | D:4      | Reached XP level 8. HP: 41/41 MP: 4/19
  6732 | D:4      | Reached skill level 5 in Conjurations
  6984 | D:4      | Found a shadowy altar of Dithmenos.
  6995 | D:4      | Found a radiant altar of Vehumet.
  6999 | D:4      | Became a worshipper of Vehumet
  7797 | D:6      | Found a shimmering altar of Xom.
  8231 | D:7      | You fall into a shaft and drop 2 floors!
  8239 | D:9      | Noticed a two-headed ogre
  8257 | D:9      | Found a snail-covered altar of Cheibriados.
  8257 | D:9      | Noticed a two-headed ogre
  8381 | D:9      | Killed a two-headed ogre
  8381 | D:9      | Reached XP level 9. HP: 45/45 MP: 11/20
  8604 | D:9      | Reached skill level 5 in Summonings
  8764 | D:9      | Reached * piety under Vehumet
  8764 | D:9      | Offered knowledge of Shock by Vehumet.
  8846 | D:9      | Killed a two-headed ogre
  9830 | D:7      | Noticed Menkaure
  9839 | D:7      | Killed Menkaure
 10018 | D:7      | Found a hazy altar of Hepliaklqana.
 10200 | D:7      | Found Nobribi's General Store.
 10205 | D:7      | Learned a level 1 spell: Shock
 10596 | D:7      | Found an ancient bone altar of Kikubaaqudgha.
 10705 | D:8      | Reached XP level 10. HP: 50/50 MP: 10/21
 10888 | D:8      | Offered knowledge of Magic Dart by Vehumet.
 11161 | D:8      | Noticed Gastronok
 11169 | D:8      | Reached ** piety under Vehumet
 11177 | D:8      | Killed Gastronok
 11177 | D:8      | Reached skill level 5 in Dodging
 12092 | D:9      | Noticed a two-headed ogre
 12107 | D:9      | Killed a two-headed ogre
 12107 | D:9      | Reached skill level 1 in Air Magic
 13106 | D:10     | Entered Level 10 of the Dungeon
 13315 | D:10     | Got a slimy helmet
 13326 | D:10     | Identified the +1 helmet "Ufynumy" {Dex+7} (You found it on
                  | level 10 of the Dungeon)
 13660 | D:10     | Found a staircase to the Lair.
 14219 | Lair:1   | Entered Level 1 of the Lair of Beasts
 14449 | Lair:1   | Noticed an oklob plant
 14449 | Lair:1   | Noticed a seven-headed hydra
 14449 | Lair:1   | Noticed a spiny frog
 14502 | Lair:1   | Killed a spiny frog
 14651 | Lair:1   | Killed a seven-headed hydra
 14651 | Lair:1   | Reached skill level 10 in Ice Magic
 14715 | Lair:1   | Found a gate leading to a gauntlet.
 14723 | Lair:1   | Reached XP level 11. HP: 54/54 MP: 11/24
 14733 | Gauntlet | Entered a Gauntlet
 14733 | Gauntlet | Found a transporter.
 14753 | Gauntlet | Found a transporter.
 14755 | Gauntlet | Found a transporter.
 14769 | Gauntlet | Found a transporter.
 14771 | Gauntlet | Found a transporter.
 14780 | Gauntlet | Found a transporter.
 14796 | Gauntlet | Found a transporter.
 14806 | Gauntlet | Found a transporter.
 14809 | Gauntlet | Noticed a green death
 14817 | Gauntlet | Found a transporter.
 14818 | Gauntlet | Found a transporter.
 14819 | Gauntlet | Noticed an oklob plant
 14826 | Gauntlet | Found a transporter.
 14827 | Gauntlet | Found a transporter.
 14876 | Gauntlet | Found a transporter.
 14893 | Gauntlet | Found a transporter.
 15119 | Lair:1   | Offered knowledge of Searing Ray by Vehumet.
 15639 | Lair:1   | Noticed an oklob plant
 15639 | Lair:1   | Noticed an oklob plant
 15642 | Lair:1   | Killed an oklob plant
 15754 | Lair:1   | Killed an oklob plant
 15834 | Lair:1   | Killed an oklob plant
 15920 | Lair:1   | Got a pair of fine gloves
 15933 | Lair:1   | Identified the +1 pair of gloves of Context {rElec rC+}
                  | (You found it on level 1 of the Lair of Beasts)
 16083 | Lair:2   | Reached *** piety under Vehumet
 16269 | Lair:2   | Reached skill level 10 in Conjurations
 16511 | Lair:2   | Noticed a necromancer
 16518 | Lair:2   | Killed a necromancer
 16704 | Lair:2   | Offered knowledge of Ignite Poison by Vehumet.
 16979 | Lair:2   | Reached skill level 5 in Air Magic
 17131 | Lair:2   | Found a staircase to the Shoals.
 17225 | Lair:2   | Got a steaming quarterstaff
 17866 | Lair:3   | You fall into a shaft and drop 2 floors!
 17882 | Lair:5   | Reached XP level 12. HP: 59/59 MP: 15/27
 18200 | Lair:3   | Reached **** piety under Vehumet
 18401 | Lair:3   | Offered knowledge of Olgreb's Toxic Radiance by Vehumet.
 18566 | Lair:3   | Reached skill level 1 in Charms
 18590 | Lair:3   | Reached skill level 10 in Spellcasting
 19499 | Lair:4   | Identified the +0 quarterstaff of Wuokh {elec, +Inv rN+}
                  | (You found it on level 2 of the Lair of Beasts)
 19549 | Lair:4   | Noticed a four-headed hydra
 19571 | Lair:4   | Killed a four-headed hydra
 19586 | Lair:4   | Found a staircase to the Snake Pit.
 20935 | Lair:5   | Reached skill level 10 in Dodging
 20935 | Lair:5   | Reached skill level 5 in Charms
 21379 | Lair:5   | Noticed a seven-headed hydra
 21423 | Lair:5   | Killed a seven-headed hydra
 21952 | Lair:6   | Entered Level 6 of the Lair of Beasts
 21996 | Lair:6   | Reached XP level 13. HP: 35/63 MP: 5/30
 22549 | Lair:6   | Reached ***** piety under Vehumet
 22549 | Lair:6   | Offered knowledge of Venom Bolt by Vehumet.
 23761 | Lair:6   | Slain by a black mamba

Levels and vault maps discovered:
D:1:      sevenhm_arrival_forest_fort_large_2, layout_basic
D:2:      layout_loops_ring, first_ration, minmay_distorted, uniq_jessica
D:3:      layout_basic, eat_drink_and_be_merry_uskayaw, trog_book
D:4:      layout_basic, amethyst_overflow_temple_binary,
          hellmonk_ghost_happy_afterlife, serial_shops,
          nicolae_shop_overgrown_old_shop, kennysheep_little_box,
          nicolae_shop_crystal
D:5:      layout_loops_ring, kennysheep_okawaru_gauntlet, temple_pool_b,
          lightli_sewer_entry_pipes, serial_shops, shop
D:6:      layout_basic, hex_tiny, kennysheep_nondescript, xom_teletrap_fun
D:7:      layout_gridville, kiku_gazebo_pond_becter, marbit_many_paths,
          serial_shops, nicolae_shop_stone, uniq_menkaure
D:8:      layout_layer_cave, uniq_gastronok
D:9:      layout_loops_ring, old_standard_altar, hangedman_little_slice_of_home
D:10:     layout_loops_corners, lair_entry_dummy
D:11:     layout_roguey [special_room_bee], hiddenorc2_lemuel,
          lemuel_flamethrower_2, uniq_harold
Temple:   regret_index_temple_waves
Lair:1:   dpeg_oklob_gauntlet, layout_regular_city, gauntlet_entry_generic
Lair:2:   layout_loops_ring, elwin_shoals_entry_stream, eino_house_with_fridge,
          serial_bayou_shore_a
Lair:3:   layout_chaotic_city, hibernation_bobbens
Lair:4:   layout_long_grid, dummy_snake_entry, nicolae_quartered_pool_little
Lair:5:   layout_roguey, serial_bayou_pond_b, beast_lair_carwin_10
Lair:6:   grunt_lair_end_beastmaster, layout_cave_shapes,
          nicolae_slime_entry_slimehenge, grunt_forest_large_clearings

Skill      XL: |  1  2  3  4  5  6  7  8  9 10 11 12 13 |
---------------+----------------------------------------+-----
Dodging        | 3 4 6 8 10 11 | 11.0
Spellcasting   | 4 5 6 7 9 11 12 | 12.0
Ice Magic      | 4 5 6 7 8 10 11 12 | 12.5
Conjurations   | 2 3 4 6 8 9 10 11 12 | 12.1
Shields        | 1 3 4 |  4.3
Summonings     | 2 4 6 7 |  7.2
Air Magic      | 3 5 6 |  6.0
Charms         | 5 |  5.0
Armour         | |  0.8
Stealth        | |  2.4

Action                   |  1- 3 |  4- 6 |  7- 9 | 10-12 | 13-15 || total
-------------------------+-------+-------+-------+-------+-------++-------
Melee: Unarmed           |     5 |       |       |       |       ||     5
       Mace              |     9 |       |       |       |       ||     9
       Dagger            |     1 |    12 |    26 |       |       ||    39
       Rapier            |       |       |    25 |    31 |    15 ||    71
Throw: Dart              |       |     5 |     9 |       |       ||    14
       Throwing net      |       |       |     1 |     1 |       ||     2
 Cast: Freeze            |    55 |    31 |    90 |   143 |    87 ||   406
       Throw Frost       |     1 |    52 |    81 |    85 |    10 ||   229
       Throw Icicle      |       |     9 |    54 |   142 |    20 ||   225
       Ozocubu's Armour  |       |     1 |       |     4 |     2 ||     7
       Summon Ice Beast  |       |       |     8 |    75 |    35 ||   118
       Shock             |       |       |       |    17 |       ||    17
Evoke: Wand              |       |     6 |    12 |    14 |     7 ||    39
  Use: Scroll            |     2 |     2 |     5 |     8 |     1 ||    18
       Potion            |       |       |     2 |     3 |     1 ||     6
 Stab: Sleeping          |     2 |       |     1 |       |       ||     3
       Distracted        |       |       |       |     1 |       ||     1
  Eat: Chunk             |     3 |    11 |    15 |    19 |     5 ||    53
       Ration            |       |       |     3 |     7 |       ||    10
Armor: Robe              |    11 |     3 |    16 |       |       ||    30
       Skin              |       |       |     4 |       |       ||     4
       Leather armour    |       |       |       |    32 |    15 ||    47
Dodge: Dodged            |    31 |    30 |   105 |   147 |   132 ||   445
Block: Buckler           |       |       |    22 |    69 |    43 ||   134
